 Dungeon Crawl Stone Soup version 0.19-a0-1886-gd64a0f0 (webtiles) character file.

3704 Thraspress the Cleaver (level 9, -6/81 HPs)
             Began as a Minotaur Berserker on Oct 16, 2016.
             Was an Elder of Trog.
             Mangled by Erica
             ... wielding a +3 scimitar of flaming
              (8 damage)
             ... on level 8 of the Dungeon.
             The game lasted 00:53:31 (6511 turns).

Thraspress the Cleaver (Minotaur Berserker)         Turns: 6511, Time: 00:53:31

Health: -6/81      AC:  9    Str: 24    XL:     9   Next: 91%
Magic:  8/8        EV: 11    Int:  4    God:    Trog [****..]
Gold:   367        SH:  0    Dex: 11    Spells: 0 memorised, 8 levels left

rFire  . . .     SeeInvis .     r - +2 hand axe (chop)
rCold  . . .     Gourm    .     n - +0 ring mail
rNeg   . . .     Faith    .     (no shield)
rPois  .         Spirit   .     (helmet restricted)
rElec  .         Dismiss  .     (no cloak)
rCorr  .         Reflect  .     q - +1 pair of gloves
MR     .....     Harm     .     (no boots)
Stlth  +.........               (no amulet)
                                (no ring)
                                (no ring)

@: exhausted, slowed, very slow
A: retaliatory headbutt, horns 2
a: Berserk, Trog's Hand, Brothers in Arms, Burn Spellbooks, Renounce Religion


You were on level 8 of the Dungeon.
You worshipped Trog.
Trog was greatly pleased with you.
You were not hungry.

You visited 1 branch of the dungeon, and saw 8 of its levels.

You collected 367 gold pieces.

Inventory:

Hand Weapons
 a - a +1 hand axe
 r - a +2 hand axe of chopping (weapon)
Missiles
 p - 18 tomahawks (quivered)
Armour
 b - a +0 animal skin
 f - a +0 scale mail
 n - a +0 ring mail (worn)
 q - a +1 pair of gloves (worn)
 z - the +8 orange crystal plate armour {Archmagi, Int+3 Clar}
   (You found it on level 6 of the Dungeon)

   It affects your intelligence (+3).
   It protects you against confusion.
Jewellery
 t - an uncursed ring of protection from cold {unknown}
Wands
 o - a wand of enslavement (13/24)
 y - a wand of confusion (9/48)
Scrolls
 c - 12 scrolls of identify
 d - 3 scrolls of recharging {unknown}
 i - 2 scrolls of enchant weapon
 j - 6 scrolls of remove curse
 v - a scroll of magic mapping
 x - 3 scrolls of enchant armour {unknown}
 A - a scroll of teleportation
 F - a scroll of fear {unknown}
Potions
 e - 2 potions of cancellation {unknown}
 g - 3 potions of magic
 h - a potion of curing {unknown}
 k - 2 potions of resistance
 s - a potion of berserk rage {unknown}
 w - 3 potions of might {unknown}
 B - a potion of brilliance {unknown}
 C - a potion of flight {unknown}
Books
 u - a book of Cantrips

   Spells                             Type                      Level
   a - Confusing Touch                Hexes                        1
   b - Animate Skeleton               Necromancy                   1
   c - Summon Small Mammal            Summoning                    1
   d - Apportation                    Translocation                1
   Trog disapproves of the use of such an item.
Comestibles
 l - 4 slices of pizza
 m - 5 meat rations
 D - a bread ration
 E - 2 chunks of flesh


   Skills:
 - Level 8.2 Fighting
 - Level 12.3 Axes
 + Level 9.7 Armour
 - Level 2.1 Dodging


You had 8 spell levels left.
You didn't know any spells.

Dungeon Overview and Level Annotations

Branches:
Dungeon (8/15)             Temple (0/1) D:4
   Lair: D:8-11

Altars:
Elyvilon
Makhleb
Okawaru
Qazlal
Trog
Vehumet
Yredelemnul

Shops:
D:7 !*=[

Annotations:
D:8 Erica


Innate Abilities, Weirdness & Mutations

You reflexively headbutt those who attack you in melee.
You have a pair of horns on your head.


Message History

You feel a strong urge to attack something.
You feel your anger subside.
You are no longer berserk.
You pass out from exhaustion.
You feel yourself slow down.
Found a battleaxe.
You can move again.
Erica is nearby!
Erica is nearby!
You are too injured to fight recklessly!
You are too injured to fight recklessly!
You are too injured to fight recklessly!
You are too injured to fight recklessly!
You are too injured to fight recklessly!
You are too injured to fight recklessly!
You barely miss Erica. You headbutt Erica!
Erica is lightly wounded.
Erica hits you with a scimitar of flaming!
* * * LOW HITPOINT WARNING * * *
Erica burns you!
You die...

#) #. #.## ..... ###..#
....... #P...##........
♣...##.@......
#..##........
#@#..........
#.@...........
###............
###.....).......#
.................##.#.
.........(.............
........#(............#
#.......((...........#.
.......####............


You could see Erica.

Vanquished Creatures
  Pikel (D:6)
  Joseph (D:8)
  The ghost of NightLight the Thaumaturge, a novice DECj of Vehumet (D:5)
  Grinder (D:4)
  Eustachio (D:6)
  2 water moccasins
  2 ice beasts
  2 phantoms
  3 sky beasts
  A necrophage (D:6)
  4 ogres
  A big kobold (D:8)
  A gnoll sergeant (D:7)
  A bullfrog (D:4)
  3 scorpions
  3 wights (D:7)
  A howler monkey (D:6)
  2 crimson imps
  A centaur zombie (D:6)
  A jelly (D:8)
  3 orc priests
  A hound (D:7)
  An orc wizard (D:3)
  A bullfrog skeleton (D:6)
  6 worker ants
  A hound zombie (D:5)
  A hound skeleton (D:6)
  A worker ant zombie (D:6)
  4 gnolls (D:7)
  A howler monkey skeleton (D:8)
  5 adders
  2 oozes
  An adder skeleton (D:4)
  4 worms
  A leopard gecko (D:1)
  18 orcs
  3 giant cockroaches
  8 hobgoblins
  A quokka (D:4)
  6 bats
  7 frilled lizards
  11 goblins
  7 kobolds
  A quokka skeleton (D:7)
  11 rats
139 creatures vanquished.

Vanquished Creatures (others)
  An orc (D:4)
  A quokka zombie (D:6)
2 creatures vanquished.

Grand Total: 141 creatures vanquished

Notes
Turn   | Place    | Note
-------+----------+-------------------------------------------
     0 | D:1      | Thraspress the Minotaur Berserker began the quest for the Orb.
     0 | D:1      | Reached XP level 1. HP: 19/19 MP: 0/0
   136 | D:1      | Reached skill level 4 in Axes
   320 | D:1      | Reached XP level 2. HP: 26/26 MP: 1/1
   833 | D:1      | Reached skill level 5 in Axes
   892 | D:2      | Reached XP level 3. HP: 24/31 MP: 2/2
   945 | D:2      | Found a bloodstained altar of Trog.
   971 | D:2      | Reached ** piety under Trog
  1878 | D:3      | Reached XP level 4. HP: 35/39 MP: 3/3
  1955 | D:3      | Reached skill level 6 in Axes
  2594 | D:3      | Reached skill level 7 in Axes
  2594 | D:3      | Reached XP level 5. HP: 44/45 MP: 4/4
  2833 | D:3      | Found a radiant altar of Vehumet.
  2866 | D:3      | Reached *** piety under Trog
  3102 | D:4      | Noticed an ogre
  3110 | D:4      | Killed an ogre
  3110 | D:4      | Reached skill level 8 in Axes
  3110 | D:4      | Reached XP level 6. HP: 51/51 MP: 5/5
  3233 | D:4      | Reached skill level 9 in Axes
  3277 | D:4      | Noticed Grinder
  3287 | D:4      | Killed Grinder
  3287 | D:4      | Reached skill level 10 in Axes
  3287 | D:4      | Reached XP level 7. HP: 29/57 MP: 6/6
  3457 | D:4      | Found a white marble altar of Elyvilon.
  4265 | D:4      | Found a staircase to the Ecumenical Temple.
  4293 | D:5      | Entered Level 5 of the Dungeon
  4325 | D:5      | Noticed NightLight's ghost (novice DECj)
  4338 | D:5      | Killed NightLight's ghost
  4338 | D:5      | Reached skill level 11 in Axes
  4338 | D:5      | Reached XP level 8. HP: 27/64 MP: 7/7
  4582 | D:5      | Found a basalt altar of Yredelemnul.
  4877 | D:5      | Reached skill level 12 in Axes
  4997 | D:5      | Found a stormy altar of Qazlal.
  5178 | D:6      | Reached skill level 5 in Fighting
  5182 | D:6      | Noticed Pikel
  5192 | D:6      | Killed Pikel
  5192 | D:6      | Reached XP level 9. HP: 81/81 MP: 8/8
  5223 | D:6      | Noticed Eustachio
  5229 | D:6      | Killed Eustachio
  5260 | D:6      | Found an iron altar of Okawaru.
  5459 | D:6      | Reached skill level 5 in Armour
  5490 | D:6      | Found a burning altar of Makhleb.
  5583 | D:7      | Found Cazelown's Jewellery Boutique.
  5619 | D:7      | Found Qonli's Distillery.
  5639 | D:7      | Found Wiylepta's Assorted Antiques.
  5766 | D:7      | Reached **** piety under Trog
  5858 | D:7      | Found Werchoofe's Antique Armour Emporium.
  6485 | D:8      | Noticed Joseph
  6504 | D:8      | Killed Joseph
  6505 | D:8      | Noticed Erica
  6511 | D:8      | HP: 2/81 [Erica/scimitar of flaming (17)]
  6511 | D:8      | Mangled by Erica

Vault maps used:
D:1:      minmay_arrival_widening_spiral_wide
D:2:      trog_book
D:3:      lemuel_round_altar, grunt_decor_mini_mirrors
D:4:      elyvilon_altar_4, enter_ossuary_5, first_bread, uniq_grinder
D:5:      nicolae_overflow_crystal_walls, marbit_many_paths
D:6:      makhleb_blood_cavern_becter, lemuel_doored_altar, uniq_eustachio,
          uniq_pikel
D:7:      serial_shops, shop, shop_statue, nicolae_shop_trees, shop
D:8:      kennysheep_kobold_camp, grunt_livestock, uniq_erica, uniq_joseph

Skill      XL: |  1  2  3  4  5  6  7  8  9 |
---------------+----------------------------+-----
Axes           | 4 5 7 8 10 11 12 | 12.3
Fighting       | 7 8 |  8.2
Armour         | 9 |  9.7
Dodging        | |  2.1

Action                   |  1- 3 |  4- 6 |  7- 9 || total
-------------------------+-------+-------+-------++-------
Melee: Hand axe          |    97 |   101 |   210 ||   408
       Headbutt          |    15 |     8 |    51 ||    74
Throw: Tomahawk          |       |     4 |       ||     4
Invok: Berserk           |     1 |     1 |     4 ||     6
  Use: Scroll            |       |     8 |       ||     8
  Eat: Bread ration      |     1 |     1 |     2 ||     4
       Chunk             |       |       |     5 ||     5
Armor: Animal skin       |    18 |       |       ||    18
       Ring mail         |       |    23 |    39 ||    62
Dodge: Dodged            |    53 |    43 |    84 ||   180
